AoeStats
← Malik Bhai

Arabia

509281152Analyzed
1v1 RM · 6d ago on Sep 26, 2026· 35m 9s· 2 players
Game mode
Random Map
Map size
Tiny (2 player)
Population
200
Speed
Normal
Resources
Standard
Victory
Conquest
Starting age
Dark Age
Ending age
Imperial Age
RankedLock teamsTeams togetherTeam positionsShared explorationLock speedFull tech treeHidden civsTurbo modeCheats
Victory
Defeat
🇺🇸 Danes · United States
1647
+14
🇵🇰 Bohemians · Pakistan
1600
-14
Malik Bhai
3:34 Loom
10:53 Feudal Age
11:30 Double-Bit Axe
11:25 Horse Collar
11:17 Man-at-Arms
23:48 Castle Age
24:11 Padded Archer Armor
24:45 Bow Saw
24:33 Fletching
26:24 Chemistry
34:31 Fletching
HaleDuck
3:43 Loom
10:15 Feudal Age
10:32 Man-at-Arms
11:24 Arson
15:15 Double-Bit Axe
22:20 Castle Age
20:50 Horse Collar
21:38 Scale Mail Armor
21:51 Forging
22:52 Gambesons
23:07 Squires
25:51 Chain Mail Armor
27:19 Elite Skirmisher
28:26 Fletching
29:20 Bodkin Arrow
30:15 Ballistics
32:00 Wheelbarrow
Connection lost

Rejoining the realm…

Still unreachable

The connection could not be restored.

Session expired

The server has moved on; the page needs a fresh start.